 Dungeon Crawl Stone Soup version 0.31-a0-18-gea43df2a32 (webtiles) character file.

Game seed: 386913151167948500

177840 vineage the Bludgeoner (level 18, -17/120 HPs)
             Began as a Gargoyle Gladiator on May 9, 2023.
             Was the Champion of Okawaru.
             Killed from afar by a deep elf annihilator (42 damage)
             ... with a crystal spear
             ... on level 3 of the Elven Halls.
             The game lasted 00:42:28 (26703 turns).

vineage the Bludgeoner (Gargoyle Gladiator)        Turns: 26703, Time: 00:42:29

Health: -17/120    AC: 39    Str: 21      XL:     18   Next: 18%
Magic:  23/23      EV: 21    Int: 10 (11) God:    Okawaru [******]
Gold:   805        SH: 13    Dex: 22      Spells: 17/17 levels left

rFire   + . .        R - +6 morningstar of Righteous Fury {flame, Will++ rCorr Str-3 Stlth+}
rCold   + + .        c - +0 buckler
rNeg    + + .        O - +4 skin of Zhor {*Englaciate rC+++ SInv}
rPois   ∞            z - +3 hat of Disguise {Contam +Blink Int+2 Dex+6}
rElec   +            p - +1 cloak
rCorr   +            I - +5 pair of gloves of Qeigg {rElec rPois}
SInv    +            H - +1 pair of boots of Datuyso {Dex+5}
Will    +++..        i - amulet of reflection
Stlth   +++          Y - ring "Unteg" {Fire rN+}
HPRegen 0.40/turn    r - +4 ring of protection
MPRegen 0.18/turn

%: reflection
@: about to teleport, flying
A: sickness immunity, AC +13, big wings, negative energy resistance 1,
electricity resistance, torment resistance 1, petrification resistance, dopey 1,
mutation resistance 1
a: Renounce Religion, Evoke Blink, Heroism, Finesse, Duel


You were on level 3 of the Elven Halls.
You worshipped Okawaru.
Okawaru was exalted by your worship.
You visited 4 branches of the dungeon, and saw 25 of its levels.
You visited the Abyss 1 time.
You also visited: Bailey, Gauntlet and Ice Cave.

You collected 2601 gold pieces.
You spent 1796 gold pieces at shops.

Inventory:

Hand Weapons
 R - the +6 morningstar of Righteous Fury (weapon) {flame, Will++ rCorr Str-3 Stlth+}
   (You found it on level 11 of the Dungeon)

   Str:       It affects your strength (-3).
   rCorr:     It protects you from acid and corrosion.
   Will:      It greatly increases your willpower.
   Stlth:     It makes you more stealthy.
Missiles
 d - 6 throwing nets (quivered)
 J - 10 silver javelins
Armour
 c - a +0 buckler (worn)
 p - a +1 cloak (worn)
 z - the +3 hat of Disguise (worn) {Contam +Blink Int+2 Dex+6}
   (You acquired it on level 3 of the Elven Halls)

   Int:       It affects your intelligence (+2).
   Dex:       It affects your dexterity (+6).
   +Blink:    It lets you blink.
   Contam:    It causes magical contamination when unequipped.
 H - the +1 pair of boots of Datuyso (worn) {Dex+5}
   (Okawaru gifted it to you on level 10 of the Dungeon)

   Dex:       It affects your dexterity (+5).
 I - the +5 pair of gloves of Qeigg (worn) {rElec rPois}
   (You found it in a Gauntlet)

   rElec:     It insulates you from electricity.
   rPois:     It protects you from poison.
 O - the +4 skin of Zhor (worn) {*Englaciate rC+++ SInv}
   (You found it in an ice cave)

   *Englaciate: It radiates cold, occasionally slowing all nearby creatures who
   are not resistant to cold.
   rC:        It renders you almost immune to cold.
   SInv:      It lets you see invisible.
 Z - the +0 pair of fencer's gloves {Riposte Dex+3}
   (You bought it in a shop on level 2 of the Orcish Mines)

   Riposte:   It allows the wearer to riposte with melee weapons, swiftly
   retaliating against missed or blocked melee attacks.
   Dex:       It affects your dexterity (+3).
Jewellery
 i - an amulet of reflection (around neck)
 r - a +4 ring of protection (right hand)
 C - an amulet of regeneration
 N - a +6 ring of dexterity
 P - a +4 ring of slaying
 Y - the ring "Unteg" (left hand) {Fire rN+}
   (You found it on level 4 of the Lair of Beasts)

   [ring of fire]

   It enhances your fire magic.
   rF:        It protects you from fire.
   rC:        It makes you vulnerable to cold.
   rN:        It protects you from negative energy.
Wands
 u - a wand of digging (6)
Scrolls
 g - a scroll of magic mapping
 o - 10 scrolls of teleportation
 t - 2 scrolls of fear
 v - 2 scrolls of blinking
 w - 6 scrolls of enchant weapon
 y - 6 scrolls of fog
 F - a scroll of enchant armour
 L - 3 scrolls of poison
 M - 12 scrolls of identify
 S - 4 scrolls of amnesia
Potions
 b - 6 potions of attraction
 f - 2 potions of magic
 h - 7 potions of flight
 j - 5 potions of curing
 k - 6 potions of haste
 l - 2 potions of heal wounds
 m - 4 potions of cancellation
 s - 6 potions of mutation
 A - 2 potions of berserk rage
 B - 5 potions of ambrosia
 E - 4 potions of lignification
 G - 4 potions of resistance
 K - 2 potions of brilliance
 Q - 4 potions of invisibility
 V - 8 potions of might


   Skills:
 + Level 16.1 Fighting
 * Level 17.9(18.0) Maces & Flails
 - Level 3.3(3.8) Polearms
 - Level 3.0(12.3) Staves
 - Level 1.7 Throwing
 + Level 14.5 Armour
 + Level 11.7 Dodging
 + Level 12.7 Shields
 - Level 6.8 Invocations


You had 17 spell levels left.
You didn't know any spells.
Your spell library contained the following spells:

 Spells                   Type           Power      Damage    Failure   Level
 Beastly Appendage        Tmut           0%         N/A       38%         1
 Freeze                   Ice            0%         1d3       38%         1
 Kiss of Death            Conj/Necr      0%         2d5       38%         1
 Sandblast                Erth           0%         2d4       38%         1
 Lesser Beckoning         Tloc           0%         N/A       54%         2
 Passwall                 Tmut/Erth      0%         N/A       54%         2
 Scorch                   Fire           0%         2d5       54%         2
 Wereblood                Tmut           0%         N/A       54%         2
 Confusing Touch          Hex            0%         N/A       77%         3
 Dazzling Flash           Conj/Hex       0%         N/A       77%         3
 Frozen Ramparts          Ice            0%         1d1       77%         3
 Gell's Gravitas          Tloc           0%         N/A       77%         3
 Hailstorm                Conj/Ice       0%         3d3       77%         3
 Ignite Poison            Fire/Tmut/Pois 0%         N/A       77%         3
 Inner Flame              Hex/Fire       0%         N/A       77%         3
 Spider Form              Tmut/Pois      0%         N/A       77%         3
 Stone Arrow              Conj/Erth      0%         3d7       77%         3
 Teleport Other           Tloc           0%         N/A       77%         3
 Volatile Blastmotes      Fire/Tloc      0%         2d10      77%         3
 Dispel Undead            Necr           0%         3d6       99%         4
 Flame Wave               Conj/Fire      0%         2d4       99%         4
 Iskenderun's Mystic Bla  Conj/Tloc      0%         2d3       99%         4
 Manifold Assault         Tloc           0%         N/A       99%         4
 Sticky Flame             Conj/Fire      0%         2d3       99%         4
 Dispersal                Tloc           0%         N/A       100%        6
 Eringya's Noxious Bog    Tmut/Pois      0%         N/A       100%        6
 Starburst                Conj/Fire      0%         6d3       100%        6
 Disjunction              Tloc           0%         N/A       100%        8
 Ignition                 Fire           0%         3d3       100%        8
 Lehudib's Crystal Spear  Conj/Erth      0%         10d2      100%        8
 Shatter                  Erth           0%         3d5*      100%        9
 Sublimation of Blood     Necr           Unusable   N/A       N/A         2
 Animate Dead             Necr           Unusable   N/A       N/A         4
 Summon Forest            Summ/Tloc      Unusable   N/A       N/A         5
 Summon Cactus Giant      Summ           Unusable   N/A       N/A         6
 Haunt                    Necr/Summ      Unusable   N/A       N/A         7
 Summon Hydra             Summ           Unusable   N/A       N/A         7
 Infestation              Necr           Unusable   N/A       N/A         8

Dungeon Overview and Level Annotations

Branches:
Dungeon (15/15)            Temple (0/1) D:6            Lair (5/5) D:10
  Swamp (0/4) Lair:2       Spider (0/4) Lair:3        Slime (0/5) Lair:4
    Orc (2/2) D:9             Elf (3/3) Orc:2        Vaults (0/5) D:13
 Depths (0/4) D:15         Bailey (visited)           IceCv (visited)
Gauntlet (visited)

Altars:
Cheibriados
Elyvilon
Fedhas
Okawaru
Ru
Uskayaw
Jiyva

Shops:
D:2 (   D:7 !(   D:8 [[   Orc:1 [   Orc:2 !=(:[[*!

Portals:
Trove: D:15 (give 8 scrolls of blinking)

Annotations:
Elf:3 2 transporters


Innate Abilities, Weirdness & Mutations

You are immune to sickness and miasma.
Your stone body is resilient. (AC +13)
You are immune to poison.
Your large and strong wings let you fly.
You resist negative energy. (rN+)
You are resistant to electric shocks. (rElec)
You are resistant to unholy torment.
You are immune to petrification.
You are dopey. (Int -2)
You are somewhat resistant to further mutation.


Message History

You impale the deep elf elementalist!! You burn the deep elf elementalist!
The deep elf elementalist is severely wounded.
Your hands slow down.
You hear a shout! x2
You bludgeon the deep elf elementalist!!
You burn the deep elf elementalist!
You kill the deep elf elementalist!
Okawaru accepts your kill.
The deep elf demonologist hits you but does no damage.
The reaper hits you from afar with a +0 scythe of protection!!
* * * LOW HITPOINT WARNING * * *
Items here: )))) [ †††.
You bludgeon the deep elf demonologist!!
You burn the deep elf demonologist.
You kill the deep elf demonologist!
Okawaru accepts your kill.
The chaos spawn degenerates into a cloud of primal chaos!
The reaper disappears in a puff of smoke!
Items here: ))) †.
You puncture the deep elf annihilator! You burn the deep elf annihilator.
The deep elf annihilator is moderately wounded.
The deep elf annihilator hits you with a +0 long sword!
* * * LOW HITPOINT WARNING * * *
You hit the deep elf annihilator. You burn the deep elf annihilator.
The deep elf annihilator is moderately wounded.
The deep elf annihilator points at you and mumbles some strange words.
The bolt of lightning misses you.
The deep elf pyromancer gestures wildly while chanting.
You hear a shout! x9
As you read the scroll of teleportation, it crumbles to dust.
You feel strangely unstable.
You hear a shout!
The deep elf annihilator gestures at you while chanting.
You block poison arrow... and reflect it back!
The poison arrow hits the deep elf annihilator!
The deep elf annihilator looks as sick as possible!
You hear a shout!
The deep elf annihilator gestures at you while chanting.
The crystal spear hits you!!!
You die...

#.##..#
#..#..#
#.###.#
#..#..#
##...##
##.## #)#
#)# #@# #)#
#e# #.# ≈E§
§≈E○§
.§§e○≈.
..§≈.≈☼..
#####.#####


You could see a deep elf annihilator (extremely poisoned), a deep elf pyromancer
and 2 fire elementals.

Vanquished Creatures
  Rupert (D:12)
  A deep elf blademaster (Elf:3)
  An Executioner (Abyss:3)
  A tentacled starspawn (Abyss:3)
  Kirke (D:12)
  A frost giant (IceCv)
  2 deep elf sorcerers
  3 cacodemons
  An ironbound preserver (D:13)
  A broodmother (shapeshifter) (Elf:1)
  4 deep elf elementalists (Elf:3)
  2 orc warlords
  3 deep elf demonologists (Elf:3)
  Azrael (D:12)
  A minotaur (Gauntlet)
  6 deep elf death magi
  Snorg (D:12)
  Josephine (D:15)
  2 deep elf high priests (Elf:3)
  Fannar (D:12)
  2 hydras
  4 boulder beetles
  4 centaur warriors
  6 two-headed ogres
  23 dancing weapons
  4 death yaks (IceCv)
  8 orc high priests
  A naga warrior (Abyss:3)
  2 tengu warriors (D:13)
  19 deep elf knights
  A soul eater (D:15)
  A sun demon (D:15)
  6 skeletal warriors
  A sixfirhy (D:15)
  A skyshark (Lair:5)
  A flayed ghost (Abyss:3)
  An orange crystal statue (Gauntlet)
  7 deep elf archers
  The ghost of KineticRobot the Covert, a novice KoBr of Dithmenos (D:6)
  2 wizards (D:15)
  34 deep elf pyromancers
  A necromancer (D:15)
  3 orc knights
  18 deep elf zephyrmancers
  3 ugly things
  6 orc sorcerers
  9 cyclopes
  A manticore (D:10)
  10 elephants
  An ice statue (IceCv)
  3 rust devils (D:15)
  A guardian serpent (Abyss:3)
  2 naga magi (D:15)
  2 orange demons (D:15)
  10 cane toads
  3 centaur skeletons (D:15)
  A gargoyle (D:8)
  5 black mambas
  An unseen horror (D:13)
  A rime drake (IceCv)
  2 kobold demonologists
  7 komodo dragons
  An ancient zyme (Abyss:3)
  2 tengu conjurers
  A queen bee (Lair:3)
  10 trolls
  5 ice devils
  2 large abominations (Abyss:3)
  19 polar bears
  7 hornets
  25 blink frogs
  3 meliai (D:14)
  7 dream sheep (Lair:5)
  A slime creature (shapeshifter) (D:8)
  4 air elementals
  9 slime creatures
  A vampire (D:11)
  4 water elementals
  20 spriggans
  A shadow (D:12)
  2 centaur simulacra
  3 wyverns
  2 ynoxinuls (D:15)
  4 wraiths
  5 fire elementals
  3 basilisks
  A chaos spawn (D:15)
  58 yaks
  5 hogs (D:12)
  A human (D:12)
  Grum (D:8)
  6 vampire mosquitoes
  A steam dragon (Bailey)
  An acid dragon (D:10)
  2 nagas (Abyss:3)
  6 wargs
  3 small abominations (Abyss:3)
  16 water moccasins
  4 hell hounds (D:12)
  5 black bears
  An ice beast (D:6)
  48 orc warriors
  8 boggarts
  13 ogres
  50 wolves
  5 centaurs
  A kobold brigand (D:6)
  13 bullfrogs
  Blork the orc (D:6)
  2 scorpions
  2 gnoll sergeants
  16 killer bees
  2 howler monkeys
  An oklob sapling (D:6)
  4 electric eels
  An iron imp (Abyss:3)
  25 orc priests
  A hound (D:6)
  2 jellies (Lair:4)
  3 starcursed masses (Abyss:3)
  2 sleepcaps
  3 iguanas
  26 orc wizards
  7 adders
  11 gnolls
  5 white imps
  4 ufetubi
  An adder skeleton (D:2)
  2 worms (D:3)
  2 dart slugs
  100 orcs
  6 ball pythons
  7 bats
  A bat zombie (D:2)
  8 endoplasms
  5 giant cockroaches
  7 hobgoblins
  9 jackals (D:1)
  5 quokkas
  A ball python skeleton (D:2)
  2 ball python zombies (D:2)
  6 frilled lizards
  A giant cockroach zombie (D:2)
  10 goblins
  19 kobolds
  A quokka skeleton (D:2)
  4 rats
959 creatures vanquished.

Vanquished Creatures (others)
  A deep elf annihilator (Elf:3)
  A blizzard demon (Gauntlet)
  A deep elf knight (Elf:2)
  2 deep elf pyromancers (Elf:2)
  A polar bear (IceCv)
  A spriggan (Bailey)
  A boggart (D:15)
  An orc (Orc:1)
  4 starspawn tentacles (Abyss:3)
13 creatures vanquished.

Grand Total: 972 creatures vanquished

Notes
Turn   | Place    | Note
-------+----------+-------------------------------------------
     0 | D:1      | vineage the Gargoyle Gladiator began the quest for the Orb.
     0 | D:1      | Reached XP level 1. HP: 12/12 MP: 1/1
   104 | D:1      | Reached XP level 2. HP: 7/18 MP: 2/2
   414 | D:1      | Reached XP level 3. HP: 24/24 MP: 3/3
  1486 | D:2      | Reached XP level 4. HP: 27/30 MP: 4/4
  1723 | D:2      | Reached skill level 5 in Fighting
  1778 | D:2      | Found Koptec's Antique Weapon Shop.
  2369 | D:3      | Reached XP level 5. HP: 33/35 MP: 5/5
  2690 | D:3      | Found an iron altar of Okawaru.
  2707 | D:3      | Became a worshipper of Warmaster Okawaru
  3062 | D:3      | You are sucked into a shaft and drop 3 floors!
  3082 | D:6      | Reached XP level 6. HP: 33/42 MP: 6/6
  3087 | D:5      | Entered Level 5 of the Dungeon
  3233 | D:4      | Identified the +0 ring mail of Lesser Demons {rPois Regen+}
  3366 | D:4      | Reached * piety under Okawaru
  3571 | D:4      | Found a white marble altar of Elyvilon.
  3604 | D:4      | Reached skill level 1 in Armour
  3604 | D:4      | Reached skill level 1 in Invocations
  3604 | D:4      | Reached XP level 7. HP: 27/48 MP: 7/7
  3618 | D:4      | Reached skill level 1 in Polearms
  4158 | D:5      | Found a blossoming altar of Fedhas.
  4504 | D:6      | Reached ** piety under Okawaru
  4505 | D:6      | Reached XP level 8. HP: 54/54 MP: 9/9
  4518 | D:6      | Found a runed translucent door.
  4523 | D:6      | Noticed KineticRobot's ghost (novice KoBr)
  4644 | D:6      | Found a staircase to the Ecumenical Temple.
  4982 | D:6      | Killed KineticRobot's ghost
  4982 | D:6      | Reached *** piety under Okawaru
  5219 | D:6      | Reached XP level 9. HP: 60/60 MP: 12/12
  5292 | D:6      | Noticed Blork the orc
  5309 | D:6      | Killed Blork the orc
  5491 | D:6      | Reached skill level 1 in Maces & Flails
  5746 | D:6      | Reached skill level 2 in Maces & Flails
  5921 | D:7      | Found Uvveh's Distillery.
  6166 | D:7      | Reached **** piety under Okawaru
  6265 | D:7      | Reached skill level 3 in Maces & Flails
  6265 | D:7      | Reached skill level 5 in Armour
  6326 | D:7      | Found Yminelopp's Antique Weapon Boutique.
  6331 | D:7      | Bought an ichor-stained flail for 195 gold pieces
  6331 | D:7      | Identified the +8 flail "Tasaf" {protect, rN++ Int-4} (You
                  | bought it in a shop on level 7 of the Dungeon)
  6495 | D:7      | Identified the staff of earth "Qietzuz" {rCorr Int+2}
  6649 | D:8      | Reached skill level 5 in Invocations
  6708 | D:8      | Received a gift from Okawaru
  6709 | D:8      | Reached skill level 4 in Maces & Flails
  6720 | D:8      | Reached skill level 5 in Dodging
  6720 | D:8      | Reached XP level 10. HP: 49/66 MP: 14/14
  6741 | D:8      | Noticed Grum
  6764 | D:8      | Killed Grum
  6811 | D:8      | Noticed a skeletal warrior
  6812 | D:8      | Noticed a gargoyle
  6813 | D:8      | Noticed a centaur warrior
  6818 | D:8      | Noticed a centaur warrior
  6876 | D:8      | Killed a centaur warrior
  6877 | D:8      | Reached skill level 5 in Maces & Flails
  6925 | D:8      | Identified the amulet "Axitow" {RegenMP Rampage rCorr
                  | Dex+3}
  6961 | D:8      | Killed a gargoyle
  7000 | D:8      | Killed a skeletal warrior
  7001 | D:8      | Reached skill level 6 in Maces & Flails
  7195 | D:8      | Found a sacrificial altar of Ru.
  7199 | D:8      | Found a hide-covered altar of Uskayaw.
  7276 | D:8      | Identified the +1 falchion of Utiejiss {protect, rPois
                  | MP+9}
  7286 | D:8      | Found Gierphet's Armour Boutique.
  7411 | D:8      | Killed a centaur warrior
  7412 | D:8      | Reached skill level 10 in Fighting
  7501 | D:8      | Found a snail-covered altar of Cheibriados.
  7501 | D:8      | Found Cheibriados's Comfort Zone.
  7782 | D:9      | Reached ***** piety under Okawaru
  7786 | D:9      | Reached XP level 11. HP: 72/72 MP: 16/16
  7817 | D:9      | Noticed a two-headed ogre
  7835 | D:9      | Killed a two-headed ogre
  7836 | D:9      | Reached skill level 7 in Maces & Flails
  8101 | D:9      | Noticed a two-headed ogre
  8124 | D:9      | Killed a two-headed ogre
  8170 | D:9      | Found a staircase to the Orcish Mines.
  8347 | D:10     | Entered Level 10 of the Dungeon
  8352 | D:10     | Noticed a two-headed ogre
  8396 | D:9      | Killed a two-headed ogre
  8397 | D:9      | Reached skill level 8 in Maces & Flails
  8470 | D:10     | Reached skill level 1 in Shields
  8525 | D:10     | Received a gift from Okawaru
  8579 | D:10     | Found a staircase to the Lair.
  8681 | D:10     | Noticed a manticore
  8690 | D:10     | Killed a manticore
  8697 | D:10     | Found a flagged portal.
  8712 | Bailey   | Entered a bailey
  8817 | Bailey   | Noticed a two-headed ogre
  8826 | Bailey   | Killed a two-headed ogre
  8827 | Bailey   | Reached skill level 9 in Maces & Flails
  8877 | Bailey   | Reached XP level 12. HP: 18/80 MP: 15/17
  9470 | D:10     | Noticed a two-headed ogre
  9474 | D:10     | Killed a two-headed ogre
  9474 | D:10     | Identified the +1 pair of boots of Datuyso {Dex+5} (Okawaru
                  | gifted it to you on level 10 of the Dungeon)
  9474 | D:10     | Received a gift from Okawaru
  9581 | D:11     | Found a gate leading to a gauntlet.
  9591 | Gauntlet | Entered a Gauntlet
  9591 | Gauntlet | Found a large runed translucent door.
  9591 | Gauntlet | Found a large runed translucent door.
  9591 | Gauntlet | Found a large runed translucent door.
  9591 | Gauntlet | Found a large runed translucent door.
  9591 | Gauntlet | Found a large runed translucent door.
  9591 | Gauntlet | Found a large runed translucent door.
  9591 | Gauntlet | Found a runed translucent door.
  9591 | Gauntlet | Found a transporter.
  9591 | Gauntlet | Found a runed translucent door.
  9591 | Gauntlet | Found a large runed translucent door.
  9591 | Gauntlet | Found a large runed translucent door.
  9591 | Gauntlet | Found a large runed translucent door.
  9591 | Gauntlet | Found a large runed translucent door.
  9591 | Gauntlet | Found a large runed translucent door.
  9591 | Gauntlet | Found a large runed translucent door.
  9594 | Gauntlet | Found a transporter.
  9610 | Gauntlet | Found a transporter.
  9614 | Gauntlet | Found a transporter.
  9633 | Gauntlet | Found a transporter.
  9646 | Gauntlet | Found a transporter.
  9659 | Gauntlet | Found a transporter.
  9679 | Gauntlet | Found a transporter.
  9683 | Gauntlet | Found a transporter.
  9687 | Gauntlet | Found a runed translucent door.
  9690 | Gauntlet | Noticed a dire elephant
  9691 | Gauntlet | Found a transporter.
  9699 | Gauntlet | Found a runed translucent door.
  9707 | Gauntlet | Found a large runed translucent door.
  9708 | Gauntlet | Found a large runed translucent door.
  9713 | Gauntlet | Found a runed translucent gate.
  9713 | Gauntlet | Found a runed translucent gate.
  9713 | Gauntlet | Found a runed translucent gate.
  9715 | Gauntlet | Found a transporter.
  9719 | Gauntlet | Found a transporter.
  9721 | Gauntlet | Noticed a blizzard demon
  9754 | Gauntlet | Found a large runed translucent door.
  9754 | Gauntlet | Found a large runed translucent door.
  9829 | Gauntlet | Killed a blizzard demon
  9838 | Gauntlet | Identified the +0 helmet of Ganum {rF+ Stlth+}
  9868 | Gauntlet | Noticed a death scarab
  9880 | Gauntlet | Identified the +1 battleaxe of the People {flame, rElec
                  | rCorr Int+2}
  9882 | Gauntlet | Identified the +5 pair of gloves of Qeigg {rElec rPois}
  9958 | Gauntlet | Noticed a minotaur
  9969 | Gauntlet | Killed a minotaur
  9970 | Gauntlet | Reached skill level 10 in Maces & Flails
  9977 | Gauntlet | Identified the +5 trident "Ybran" {venom, Str+3 Int-4
                  | Dex+5}
 10165 | D:11     | Noticed a boulder beetle
 10195 | D:11     | Killed a boulder beetle
 10378 | D:11     | Identified the +6 morningstar of Righteous Fury {flame,
                  | Will++ rCorr Str-3 Stlth+}
 10589 | D:12     | Noticed Snorg
 10600 | D:12     | Killed Snorg
 10621 | D:12     | Noticed a boulder beetle
 10655 | D:12     | Killed a boulder beetle
 10690 | D:12     | Noticed Rupert
 10701 | Abyss:3  | Found a corrupted altar of Lugonu.
 10701 | Abyss:3  | Cast into level 3 of the Abyss (Rupert)
 10710 | Abyss:3  | Noticed a yellow draconian annihilator
 10749 | Abyss:3  | Noticed a starcursed mass
 10761 | Abyss:3  | Reached skill level 5 in Shields
 10803 | Abyss:3  | Noticed a starcursed mass
 10804 | Abyss:3  | Noticed a tentacled starspawn
 10812 | Abyss:3  | Noticed a naga warrior
 10816 | Abyss:3  | Killed a tentacled starspawn
 10838 | Abyss:3  | Killed a naga warrior
 10847 | Abyss:3  | Reached XP level 13. HP: 64/85 MP: 13/18
 10889 | Abyss:3  | Noticed a cacodemon
 10896 | Abyss:3  | Reached skill level 11 in Maces & Flails
 10898 | Abyss:3  | Gained mutation: You occasionally lose the ability to drink
                  | potions when taking damage. [a cacodemon]
 10905 | Abyss:3  | Gained mutation: You occasionally lose the ability to read
                  | scrolls when taking damage. [a cacodemon]
 10910 | Abyss:3  | Killed a cacodemon
 10913 | Abyss:3  | Noticed a cacodemon
 10913 | Abyss:3  | Noticed a cacodemon
 10924 | Abyss:3  | Noticed an Executioner
 10937 | Abyss:3  | Killed an Executioner
 10945 | Abyss:3  | Gained mutation: You are dopey. (Int -2) [a cacodemon]
 10947 | Abyss:3  | Killed a cacodemon
 10950 | D:12     | Escaped the Abyss
 10976 | D:12     | Killed Rupert
 10986 | D:12     | Killed a cacodemon
 11022 | D:12     | Lost mutation: You occasionally lose the ability to drink
                  | potions when taking damage. [potion of mutation]
 11022 | D:12     | Lost mutation: You occasionally lose the ability to read
                  | scrolls when taking damage. [potion of mutation]
 11022 | D:12     | Gained mutation: You are somewhat resistant to further
                  | mutation. [potion of mutation]
 11087 | D:12     | Noticed Azrael
 11125 | D:12     | Killed Azrael
 11126 | D:12     | Reached skill level 10 in Armour
 11184 | D:12     | Noticed Fannar
 11209 | D:12     | Killed Fannar
 11219 | D:12     | Noticed Kirke
 11230 | D:12     | Noticed a sphinx
 11247 | D:12     | Killed Kirke
 11248 | D:12     | Reached skill level 12 in Maces & Flails
 11862 | Lair:1   | Entered Level 1 of the Lair of Beasts
 11876 | Lair:1   | Gained mutation: Your large and strong wings let you fly.
                  | [Gargoyle growth]
 11876 | Lair:1   | Reached XP level 14. HP: 92/92 MP: 17/19
 12409 | Lair:1   | Reached ****** piety under Okawaru
 12985 | Lair:2   | Reached skill level 13 in Maces & Flails
 13011 | Lair:2   | Found a staircase to the Swamp.
 13027 | Lair:2   | Identified the +1 pair of boots of Nymeum Fuumn {Will+
                  | Int+3 Dex-3} (Okawaru gifted it to you on level 2 of the
                  | Lair of Beasts)
 13027 | Lair:2   | Received a gift from Okawaru
 13543 | Lair:3   | Found a frozen archway.
 13554 | IceCv    | Entered an ice cave
 13616 | IceCv    | Found the +4 skin of Zhor {*Englaciate rC+++ SInv}
 13810 | IceCv    | Noticed a frost giant
 13834 | IceCv    | Killed a frost giant
 14243 | Lair:3   | Identified the +1 crystal plate armour "Ulumen" {+Inv rCorr
                  | Int-5 SInv} (Okawaru gifted it to you on level 3 of the
                  | Lair of Beasts)
 14243 | Lair:3   | Received a gift from Okawaru
 14597 | Lair:3   | Found a hole to the Spider Nest.
 14828 | Lair:4   | Reached XP level 15. HP: 100/100 MP: 20/20
 14835 | Lair:4   | Reached skill level 14 in Maces & Flails
 15139 | Lair:4   | Identified the ring "Unteg" {Fire rN+}
 15270 | Lair:4   | Found a viscous altar of Jiyva.
 15270 | Lair:4   | Found a staircase to the Slime Pits.
 15596 | Lair:5   | Entered Level 5 of the Lair of Beasts
 15924 | Lair:5   | Identified the +0 leather armour of Tartarus {+Inv rPois
                  | Dex-4 Stlth+}
 17188 | Orc:1    | Entered Level 1 of the Orcish Mines
 17207 | D:9      | Reached skill level 10 in Dodging
 17247 | Orc:1    | Reached skill level 10 in Shields
 17249 | Orc:1    | Received a gift from Okawaru
 17414 | Orc:2    | Entered Level 2 of the Orcish Mines
 17415 | Orc:2    | Found Opodox's Distillery.
 17428 | Orc:2    | Bought 2 potions of might for 120 gold pieces
 17447 | Orc:2    | Found Geenu's Jewellery Boutique.
 17456 | Orc:2    | Found a staircase to the Elven Halls.
 17515 | Orc:2    | Reached skill level 15 in Maces & Flails
 17536 | Orc:2    | Found Bauveoj's Antique Armour Shoppe.
 17578 | Orc:2    | Received a gift from Okawaru
 17626 | Orc:2    | Bought an encrusted cloak for 209 gold pieces
 17626 | Orc:2    | Identified the +0 cloak of the Elephant {Int+3} (You bought
                  | it in a shop on level 2 of the Orcish Mines)
 17626 | Orc:2    | Bought the +0 pair of fencer's gloves {Riposte Dex+3} for
                  | 880 gold pieces
 17626 | Orc:2    | Found the +0 pair of fencer's gloves {Riposte Dex+3}
 17644 | Orc:2    | Noticed an orc warlord
 17645 | Orc:2    | Found Qaug's Antique Weapon Shoppe.
 17699 | Orc:2    | Killed an orc warlord
 17786 | Orc:2    | Found Peepliapp's Armour Boutique.
 17791 | Orc:2    | Found Ubraloigh's Book Boutique.
 17884 | Orc:2    | Found Cydghochu's General Store.
 17910 | Orc:2    | Reached XP level 16. HP: 100/107 MP: 21/21
 18054 | Orc:2    | Found Xaugow's Jewellery Boutique.
 18060 | Orc:2    | Found Peeng's Distillery.
 18068 | Orc:2    | Bought a potion of heal wounds for 70 gold pieces
 18068 | Orc:2    | Bought a potion of might for 56 gold pieces
 18068 | Orc:2    | Bought a potion of mutation for 112 gold pieces
 18068 | Orc:2    | Bought a potion of curing for 42 gold pieces
 18068 | Orc:2    | Bought a potion of invisibility for 112 gold pieces
 18539 | Orc:1    | Found Ditadysm's Antique Armour Shop.
 19090 | D:13     | Found a gate to the Vaults.
 19104 | D:13     | Received a gift from Okawaru
 20028 | D:15     | Entered Level 15 of the Dungeon
 20173 | D:15     | Received a gift from Okawaru
 20776 | D:15     | Noticed Josephine
 20795 | D:15     | Killed Josephine
 20918 | D:15     | Reached skill level 16 in Maces & Flails
 21267 | D:15     | Reached skill level 15 in Fighting
 21438 | D:15     | Found a staircase to the Depths.
 21580 | D:15     | Found a portal to a secret trove of treasure.
 21753 | Elf:1    | Entered Level 1 of the Elven Halls
 21869 | Elf:1    | Received a gift from Okawaru
 22046 | Elf:1    | Identified the +0 pair of boots of Zeell {Will+} (Okawaru
                  | gifted it to you on level 1 of the Elven Halls)
 22046 | Elf:1    | Received a gift from Okawaru
 22247 | Elf:1    | Reached XP level 17. HP: 100/113 MP: 22/22
 22857 | Elf:1    | Got Sif Muna's Guidebook on the Gargoyle and Glaciation
 23743 | Elf:2    | Reached skill level 17 in Maces & Flails
 23881 | Elf:2    | Identified the scarf of the Volcano {shadows, *Slow MP+9
                  | Dex+7} (Okawaru gifted it to you on level 2 of the Elven
                  | Halls)
 23881 | Elf:2    | Received a gift from Okawaru
 24383 | Elf:2    | Paralysed by an air elemental for 1 turns
 24390 | Elf:2    | Paralysed by an air elemental for 1 turns
 24718 | Elf:2    | Found a runed translucent gate.
 24720 | Elf:2    | Found a runed translucent gate.
 24724 | Elf:2    | Found a runed translucent gate.
 26081 | Elf:3    | Entered Level 3 of the Elven Halls
 26081 | Elf:3    | Identified a scroll of acquirement
 26105 | Elf:3    | Acquired the +3 hat of Disguise {Contam +Blink Int+2 Dex+6}
 26204 | Elf:3    | Found a transporter.
 26205 | Elf:3    | Found a transporter.
 26266 | Elf:3    | Identified the +1 great mace of Yxyrr {elec, rPois Will+}
 26336 | Elf:3    | Identified the +0 pair of boots of Enluqa {Harm MP+9 Str+9
                  | Int-2} (Okawaru gifted it to you on level 3 of the Elven
                  | Halls)
 26336 | Elf:3    | Received a gift from Okawaru
 26544 | Elf:3    | Reached XP level 18. HP: 120/120 MP: 23/23
 26575 | Elf:3    | Noticed a Brimstone Fiend
 26584 | Elf:3    | Noticed a Hell Sentinel
 26643 | Elf:3    | Noticed a deep elf blademaster
 26667 | Elf:3    | Killed a deep elf blademaster
 26703 | Elf:3    | Killed from afar by a deep elf annihilator

Illustrated notes

Levels and vault maps discovered:
D:1:      dpeg_cavernosity, layout_basic
D:2:      layout_loops_ring, serial_shops, shop, serial_undead, serial_undead_b,
          serial_undead_e, serial_undead_a, serial_undead_f, dk_vineyard_2,
          kennysheep_cross_bottleneck, minmay_misc_feat_cross,
          minmay_misc_feat_doors, kennysheep_another_room,
          kennysheep_big_empty_room, skrybe_limestone_x
D:3:      corexii_shack_village, layout_basic, okawaru_gym_becter,
          dk_noncrumbling_3, minmay_diced_spiral, uniq_terence
D:4:      layout_basic, nicolae_elyvilon_temple_path
D:5:      layout_rooms, fedhas_altar_fruit_tree
D:6:      layout_layer_cave, minmay_temple_entry_oklob, ebering_ghost_sewer_d,
          uniq_crazy_yiuf_cottage, uniq_blork_the_orc
D:7:      layout_basic, serial_shops, shop, nicolae_shop_tiny_waterfront,
          chequers_serial_rivers_room_a
D:8:      minmay_cut_squares, layout_gridville, grunt_temple_overflow_open,
          serial_shops, shop, minmay_shop_chei, uniq_grum
D:9:      layout_loops_ring, hiddenorc1_lemuel
D:10:     layout_big_octagon, erik_lair_orcish_takeover, serial_ice,
          serial_ice_i, serial_ice_n, serial_ice_d, serial_ice_m,
          enter_bailey_2, grunt_ogre_cave, kennysheep_small_square
D:11:     layout_rooms, gauntlet_entry_generic
D:12:     layout_roguey, uniq_snorg, uniq_kirke, uniq_azrael, uniq_fannar,
          uniq_rupert
D:13:     layout_loops_ring, skrybe_vaults_entry_preservation
D:14:     layout_rooms
D:15:     grunt_enter_depths_magical_seal, layout_loops_corners, enter_trove_3,
          serial_demonic, serial_demonic_d, serial_demonic_e, serial_demonic_a,
          serial_demonic_e, minmay_misc_feat_roman, uniq_josephine
Lair:1:   layout_cave_pods, grunt_megastairs_4
Lair:2:   layout_long_grid, minmay_swamp_entry_reptiles
Lair:3:   layout_concentric_octagons, dummy_spider_entry,
          portal_ice_cave_entry_pillars_1, special_room [special_room_bee],
          infiniplex_staircase_pool
Lair:4:   layout_loops_ring, minmay_slime_entry_pillars, minivault_26
Lair:5:   minmay_lair_end_enchanted_forest, layout_cave_pods,
          grunt_megastairs_1, lemuel_fruit_tree, serial_bayou_shore_a
Orc:1:    layout_caves, basic_altar, serial_shops, nicolae_shop_back_alley_shop
Orc:2:    grunt_orc_gardens, layout_diamond_mine, grunt_orc_garden,
          grunt_orc_garden, grunt_orc_garden, grunt_orc_garden, basic_altar,
          serial_shops, nicolae_square_shop, nicolae_shop_crystal,
          nicolae_shop_getting_attention, shop, shop
Elf:1:    eino_elf_arrival_sip, layout_gridlike, minmay_elf_crystal_heptagon
Elf:2:    nicolae_elf_blades_splatter_lattice
          [nicolae_vaults_blade_armed_guards], layout_geoelf_octagon
Elf:3:    elf_hall_gauntlet_narrow, layout_geoelf_grid, serial_nicolae_subway,
          nicolae_sub_station_stone, nicolae_sub_station_crystal,
          nicolae_sub_station_metal, minmay_shop_grove

Skill      XL: |  1  2  3  4  5  6  7  8  9 10 11 12 13 14 15 16 17 |
---------------+----------------------------------------------------+-----
Fighting       | 3 4 5 6 7 8 9 10 11 12 13 14 15 16 | 16.1
Armour         | 1 2 4 5 6 8 9 10 11 12 13 14 | 14.5
Invocations    | 1 2 4 5 6 |  6.8
Polearms       | 2 3 |  3.3
Dodging        | 3 4 5 6 7 8 9 10 11 | 11.7
Maces & Flails | 4 6 9 10 12 13 15 16 17 | 17.9
Shields        | 3 5 7 8 10 11 12 | 12.7
Staves         | |  3.0
Throwing       | |  1.7

Action                     |  1- 3 |  4- 6 |  7- 9 | 10-12 | 13-15 | 16-18 || total
---------------------------+-------+-------+-------+-------+-------+-------++-------
  Melee: Quarterstaff      |   147 |   240 |   178 |       |       |       ||   565
         Whip              |       |       |   165 |       |       |       ||   165
         Flail             |       |       |    47 |   564 |       |       ||   611
         Punch             |       |       |     4 |     3 |       |       ||     7
         Morningstar       |       |       |       |    91 |  1421 |  1309 ||  2821
 Invoke: Heroism           |       |       |     3 |    15 |    15 |     8 ||    41
         Finesse           |       |       |       |     4 |     1 |     1 ||     6
    Use: Scroll            |     1 |     4 |     8 |    16 |     4 |     6 ||    39
         Potion            |       |     1 |     1 |     5 |     3 |     4 ||    14
   Stab: Invisible         |       |       |       |     4 |       |       ||     4
         Sleeping          |       |       |       |     1 |    15 |     9 ||    25
         Distracted        |       |       |       |       |     3 |     7 ||    10
 Armour: Leather armour    |    69 |    61 |       |       |       |       ||   130
         Ring mail         |       |    21 |   194 |   309 |   204 |       ||   728
         Animal skin       |       |       |       |       |   228 |   382 ||   610
  Dodge: Dodged            |   120 |   129 |   259 |   422 |   966 |   605 ||  2501
  Block: Other             |    11 |    55 |    90 |    62 |       |       ||   218
         Reflection        |       |     2 |     1 |     4 |     1 |    35 ||    43
         Buckler           |       |       |       |   258 |   614 |   560 ||  1432
Riposte: Morningstar       |       |       |       |       |    11 |    36 ||    47

Table legend: (Time is in decaauts)
 A = Elapsed time spent in this place.
 B = Non-inter-level travel time spent in this place.
 C = Inter-level travel time spent in this place.
 D = Time resting spent in this place.
 E = Time spent auto-exploring this place.
 F = Levels seen in this place.
 G = Mean time per level.
                   A        B        C        D        E       F      G
               +--------+--------+--------+--------+--------+-----+--------+
         Total |  26010 |  24544 |   1466 |   2154 |  15800 |  29 |  896.9 |
       Dungeon |  13565 |  12628 |    937 |    423 |   9041 |  15 |  904.3 |
          Lair |   4540 |   4316 |    224 |      0 |   3256 |   5 |  908.0 |
  Orcish Mines |   1478 |   1343 |    135 |     67 |    817 |   2 |  739.0 |
   Elven Halls |   4731 |   4562 |    169 |   1446 |   2056 |   3 | 1577.0 |
         Abyss |    215 |    215 |      0 |      0 |      0 |   1 |  215.0 |
        Bailey |    412 |    412 |      0 |    158 |    101 |   1 |  412.0 |
      Ice Cave |    565 |    565 |      0 |      0 |    285 |   1 |  565.0 |
      Gauntlet |    502 |    502 |      0 |     60 |    243 |   1 |  502.0 |
               +--------+--------+--------+--------+--------+-----+--------+

Top non-repeatable levels by time:
   Elf:2: 2566 daAuts
     D:6: 1660 daAuts
   Elf:1: 1604 daAuts
    D:15: 1491 daAuts
  Lair:5: 1379 daAuts
     D:1: 1206 daAuts
     D:8: 1025 daAuts
     D:2: 1007 daAuts
    D:12: 965 daAuts
     D:3: 876 daAuts
  Lair:1: 858 daAuts
     D:9: 853 daAuts
   Orc:2: 846 daAuts
    D:10: 829 daAuts
  Lair:2: 794 daAuts
